Map: 16 bits EC

Players

RoadtoKyiv

  • Race: Zerg Zerg
  • League: Diamond
  • Spawn Location: 7:00

HoldTheDoor - Winner!

  • Race: Protoss Protoss
  • League: Diamond
  • Spawn Location: 1:00

VOD

Have the link to the VOD?

Description

Time

  • Played on: July 4, 2018, 11:58 a.m.
  • Length: 7:48
Show
View Real Time Build Order
Export as new Build Order

RoadtoKyiv Zerg 

Build Orders: Hatch First 

Get SALT Encoding   

  12  0:01  Drone  
  13  0:12  Overlord  
  13  0:22  Drone  
  14  0:31  Drone x2  
  14  0:35  Drone  
  17  0:55  Hatchery  
  16  0:59  Drone  
  17  1:12  Spawning Pool  
  17  1:15  Drone  
  17  1:19  Extractor  
  17  1:20  Drone  
  17  1:36  Drone x2  
  19  1:46  Drone  
  20  2:08  Hatchery  
  19  2:17  Queen  
  19  2:18  Queen  
  23  2:24  Metabolic Boost  
  23  2:45  Drone  
  23  2:46  Drone x4  
  27  3:05  Drone  
  28  3:13  Overlord  
  28  3:16  Overlord  
  28  3:19  Queen  
  30  3:30  Overlord  
  30  3:31  Overlord  
  30  3:38  Extractor  
  30  3:39  Lair  
  30  3:40  Drone x4  
  33  3:43  Spore Crawler  
  33  3:48  Spore Crawler  
  31  3:57  Drone  
  31  3:58  Drone x2  
  34  4:05  Spore Crawler  
  34  4:08  Lair  
  33  4:19  Queen  
  35  4:24  Drone x3  
  38  4:31  Zergling x2  
  39  4:48  Extractor  
  39  4:49  Drone x6  
  39  4:50  Extractor, Drone x2  
  45  4:57  Hydralisk Den  
  44  5:00  Baneling Nest, Drone  
  44  5:12  Zergling x6  
  45  5:32  Grooved Spines  
  45  5:33  Drone  
  45  5:34  Drone x4  
  50  5:47  Hydralisk x2  
  50  5:49  Baneling  
  53  5:50  Baneling x4  
  53  5:58  Spine Crawler  
  53  6:00  Hydralisk  
  54  6:05  Centrifical Hooks  
  54  6:15  Hydralisk x2  
  58  6:28  Overlord x2  
  58  6:40  Lurker Den  
  58  6:42  Drone  
  58  6:44  Overlord x2  
  58  6:51  Hydralisk x3  
  53  7:02  Hydralisk  
  53  7:03  Hydralisk x2  
  53  7:08  Hydralisk  
Show
View Real Time Build Order
Export as new Build Order

HoldTheDoor Protoss - Winner!

Build Orders: 1 Gate Expand 

Get SALT Encoding   

  12  0:01  Probe  
  13  0:13  Probe  
  14  0:19  Pylon  
  14  0:25  Probe  
  15  0:36  Probe  
  15  0:40  Gateway  
  16  0:45  Assimilator, Probe  
  17  0:53  Probe  
  18  1:05  Probe  
  19  1:24  Nexus  
  19  1:33  Cybernetics Core  
  19  1:36  Probe  
  20  1:45  Assimilator  
  20  1:48  Probe  
  20  1:53  Pylon  
  21  2:00  Probe  
  22  2:01  Warp Gate  
  22  2:11  Adept  
  24  2:21  Probe, Pylon  
  25  2:33  Probe  
  26  2:38  Robotics Facility  
  26  2:46  Sentry  
  26  2:49  Probe  
  30  2:51  Probe  
  30  3:10  Twilight Council  
  30  3:15  Adept  
  30  3:18  Probe x2  
  34  3:25  Warp Prism  
  36  3:30  Probe  
  36  3:31  Gateway  
  36  3:33  Probe  
  38  3:42  Probe  
  38  3:47  Resonating Glaives  
  39  3:55  Probe, Immortal  
  44  4:06  Adept  
  44  4:08  Probe  
  47  4:10  Gateway  
  47  4:13  Pylon  
  47  4:14  Probe  
  48  4:21  Probe  
  49  4:29  Sentry  
  51  4:33  Sentry  
  51  4:36  Immortal  
  53  4:39  Pylon  
  57  4:53  Gateway  
  57  4:54  Probe  
  57  4:56  Probe, Gateway  
  57  4:58  Gateway  
  59  5:20  Probe x2  
  61  5:23  Adept x3  
  66  5:50  Probe x2  
  68  6:01  Pylon  
  68  6:09  Adept  
  70  6:19  Pylon  
  70  6:21  Pylon  
  70  6:22  Pylon  
  70  6:23  Probe x2  
  70  6:24  Pylon x2  
  72  6:27  Pylon  
  72  6:28  Gateway  
  72  6:29  Pylon  
  72  6:32  Pylon, Adept  
  72  6:33  Adept x2  
  72  6:38  Adept x3  
Tags
 
Add a new tag
Caveats
  • Supply blocks, unpowered buildings, or Contaminate may cause inaccurate times.
  • Supply counts are checked every 10 seconds.